 Dungeon Crawl Stone Soup version 0.27.0-1-g7a089689b8 (webtiles) character file.

Game seed: 15222723156268683555

88 freelancePsychic the Skirmisher (level 4, -1/41 HPs)
             Began as a Hill Orc Enchanter on Aug 5, 2021.
             Was a Believer of Wu Jian.
             Slain by an orc priest (3 damage)
             ... on level 2 of the Dungeon.
             The game lasted 00:03:16 (3141 turns).

freelancePsychic the Skirmisher (HOEn)              Turns: 3141, Time: 00:03:16

Health: -1/41      AC:  6    Str: 11    XL:     4   Next: 54%
Magic:  6/6        EV:  8    Int: 15    God:    Wu Jian [**....]
Gold:   137        SH:  0    Dex: 11    Spells: 5/6 levels left

rFire    . . .     SeeInvis .   q - +0 hand axe
rCold    . . .     Faith    .   (no shield)
rNeg     . . .     Spirit   .   j - +0 scale mail
rPois    .         Reflect  .   (no helmet)
rElec    .         Harm     .   (no cloak)
rCorr    .         Rampage  .   (no gloves)
Will     .....                  (no boots)
Stlth    ..........             (no amulet)
HPRegen  0.13/turn              (no ring)
MPRegen  0.10/turn              (no ring)

@: confused
A: no striking features
a: Renounce Religion, Convert to Beogh, Wall Jump


You were on level 2 of the Dungeon.
You worshipped Wu Jian.
Wu Jian was pleased with you.
You visited 1 branch of the dungeon, and saw 3 of its levels.

You collected 137 gold pieces.

Inventory:

Hand Weapons
 a - a +1 dagger
 q - a +0 hand axe (weapon)
Armour
 b - a +0 robe
 e - a +0 ring mail
 j - a +0 scale mail (worn)
Jewellery
 s - a ring of poison resistance
Wands
 r - a wand of flame (14)
Scrolls
 d - a scroll of immolation {unknown}
 f - a scroll of identify {unknown}
 l - a scroll of fog {unknown}
 m - a scroll of teleportation {unknown}
 n - a scroll of blinking {unknown}
 o - a scroll of summoning {unknown}
Potions
 c - a potion of might {unknown}
 g - 2 potions of flight {unknown}
 h - 2 potions of degeneration {unknown}
 i - a potion of haste {unknown}
 k - a potion of curing {unknown}
 p - a potion of heal wounds {unknown}


   Skills:
 + Level 4.6 Fighting
 - Level 1.0 Short Blades
 * Level 0.7 Axes
 - Level 1.6 Dodging
 - Level 2.4 Stealth
 - Level 1.6 Spellcasting
 - Level 3.0 Hexes


You had 5 spell levels left.
You knew the following spells:

 Your Spells              Type           Power      Damage    Failure   Level
a - Corona                Hex            11%        N/A       38%         1

Your spell library contained the following spells:

 Spells                   Type           Power      Damage    Failure   Level
 Ensorcelled Hibernation  Hex/Ice        10%        N/A       77%         2
 Confusing Touch          Hex            10%        N/A       77%         3
 Tukima's Dance           Hex            10%        N/A       77%         3
 Pain                     Necr           4%         1d4       83%         1
 Dazzling Flash           Conj/Hex       10%        N/A       94%         3
 Agony                    Necr           1%         N/A       100%        5
 Excruciating Wounds      Necr           0%         N/A       100%        5


Dungeon Overview and Level Annotations

Branches:
Dungeon (3/15)

Altars:
Hepliaklqana
Okawaru
Wu Jian


Message History

You hit the orc.
You kill the orc!
The Council accepts your kill.
Things that are here:
a +0 hand axe; 18 arrows You start resting.
HP restored.
(D) Dungeon
Where to? (Enter - D:3, ? - help)
There is a stone staircase leading down here.
You climb downwards.
The orc wizard casts a spell at you.
You are confused.
The orc priest invokes the aid of Beogh against you.
Beogh smites you!
There is a stone staircase leading up here.
The orc wizard casts a spell at you. The puff of flame hits you.
In your confused state, you trip and fall back down the stairs.
The orc priest hits you with a +0 short sword.
The orc wizard mumbles some strange words.
The orc wizard flickers and vanishes!
Deactivating autopickup; reactivate with Ctrl-A.
The orc priest looks encouraged for a moment.
You climb upwards.
Reactivating autopickup.
There is a stone staircase leading down here.
You barely miss the orc priest.
You hit the orc wizard but do no damage.
The orc priest calls down the wrath of Beogh upon you.
Beogh smites you!
* * * LOW HITPOINT WARNING * * *
The orc wizard gestures at you while chanting.
The puff of flame hits you!
* * * LOW HITPOINT WARNING * * *
The orc priest barely misses you.
You barely miss the orc priest. You miss the orc wizard.
The orc wizard hits you but does no damage.
The orc priest hits you with a +0 short sword.
You die...

####.## #.# #.# #.#
########### #.#
#.........####.###########
#.##..............#......#
#.##...##.###..(#.#.####.#
#..##.###.##...o@........#
#.....# #.###..o###.###..#
#..#### #.# ##.## #.# #..#
#..# #.# #.# #.###..####
#..######.# #.#
#.........# #.........#
##+## ###.#.###.#
##.##########...##
#.#.###.# #...# ##.....##
#.#.....# #...##
##.......###.##.#..#


You could see an orc priest and an orc wizard.

Vanquished Creatures
  Jessica (D:2)
  A dart slug (D:1)
  6 orcs
  4 ball pythons
  An endoplasm (D:2)
  A giant cockroach (D:1)
  5 goblins
  3 hobgoblins
  9 jackals (D:3)
  A quokka (D:2)
  3 bats
  3 frilled lizards
  5 kobolds
  8 rats (D:1)
51 creatures vanquished.

Notes
Turn   | Place    | Note
-------+----------+-------------------------------------------
     0 | D:1      | freelancePsychic the Hill Orc Enchanter began the quest for
                  | the Orb.
     0 | D:1      | Reached XP level 1. HP: 14/14 MP: 3/3
     2 | D:1      | Noticed a dwarf
     2 | D:1      | Noticed an elf
     4 | D:1      | Noticed a barachi
     4 | D:1      | Noticed a gargoyle
     6 | D:1      | Noticed an ogre
     6 | D:1      | Noticed a troll
     8 | D:1      | Noticed a vine stalker
    10 | D:1      | Noticed a spriggan
    10 | D:1      | Noticed a palentonga
    12 | D:1      | Noticed a djinni
    14 | D:1      | Noticed a ghoul
    14 | D:1      | Noticed a demigod
    16 | D:1      | Noticed a minotaur
    16 | D:1      | Noticed a vampire
    18 | D:1      | Noticed a naga
    18 | D:1      | Noticed a human
    20 | D:1      | Noticed a formicid
    20 | D:1      | Noticed a tengu
    22 | D:1      | Noticed a draconian
    24 | D:1      | Noticed a felid
    24 | D:1      | Noticed an octopode
    26 | D:1      | Noticed a merfolk
    26 | D:1      | Noticed a demonspawn
   301 | D:1      | Reached skill level 1 in Fighting
   313 | D:1      | Reached XP level 2. HP: 19/23 MP: 4/4
   402 | D:1      | Reached skill level 2 in Fighting
   623 | D:1      | Found a faded altar of an unknown god.
   662 | D:1      | Became a worshipper of the Wu Jian Council
   662 | D:1      | Reached * piety under Wu Jian
  1081 | D:2      | Reached XP level 3. HP: 29/30 MP: 5/5
  1181 | D:2      | Reached skill level 3 in Fighting
  1317 | D:2      | Noticed Jessica
  1323 | D:2      | Killed Jessica
  1805 | D:2      | Reached skill level 4 in Fighting
  1990 | D:3      | Reached XP level 4. HP: 27/40 MP: 6/6
  2128 | D:3      | Found an iron altar of Okawaru.
  2557 | D:3      | Reached ** piety under Wu Jian
  2878 | D:3      | Found a hazy altar of Hepliaklqana.
  3140 | D:2      | HP: 2/41 [orc wizard/puff of flame (10)]
  3141 | D:2      | Slain by an orc priest

Illustrated notes

Levels and vault maps discovered:
D:1:      kb_arrival_jail, layout_loops_ring, ebering_ecumenical_altar_ruins,
          minmay_rat_gold_closets
D:2:      layout_loops_corners, uniq_jessica
D:3:      layout_basic, mainiacjoe_overflow_chevrons, lemuel_tele_altar,
          serial_bayou_pond_a, kennysheep_generic_room_15

Skill      XL: |  1  2  3 |
---------------+----------+-----
Fighting       | 1 2 4 |  4.6
Short Blades   | |  1.0
Axes           | |  0.7
Dodging        | |  1.6
Stealth        | |  2.4
Spellcasting   | |  1.6
Hexes          | |  3.0

Action                   |  1- 3 |  4- 6 || total
-------------------------+-------+-------++-------
Melee: Dagger            |   109 |    80 ||   189
       Hand axe          |       |    23 ||    23
Invok: Lunge             |     7 |     1 ||     8
 Stab: Sleeping          |     7 |       ||     7
Armor: Robe              |     7 |       ||     7
       Ring mail         |     3 |       ||     3
       Scale mail        |    11 |    60 ||    71
Dodge: Dodged            |    68 |    51 ||   119
